Workbook
Name Imprimir_área_IM: Porcentuales!$B$2:$J$30

Sheet Ingresos
A1: MUNICIPALIDAD DE MENDIOLAZA P R I M E R A P A R T E - I N G R E S O S | E1: A Ñ O 2 0 2 3 | G1: Hoja Nº 1
A2: CODIGO | C2: SUBRUBROS | D2: RUBROS | E2: TOTAL ITEM | F2: INCISO | G2: TOTAL ANEXO
A3: 1.0.00.00.00.00.000 | B3: INGRESOS CORRIENTES | G3: =SUM(F4:F52) -> 2415424489
A4: 1.1.00.00.00.00.000 | B4: INGRESOS DE JURISDICCION MUNICIPAL | F4: =SUM(E5:E28) -> 1101260000
A5: 1.1.00.01.00.00.000 | B5: INGRESOS TRIBUTARIOS (TASAS Y CONTRIBUCIONES) | E5: =SUM(D6:D27) -> 1018430000
A6: 1.1.00.01.00.01.000 | B6: Contrib. inc. s/los Inmuebles | D6: 330000000
A7: 1.1.00.01.00.02.000 | B7: Contrib. que inc. s/el Comercio y la Industria | D7: 22200000 | E7: -
A8: 1.1.00.01.00.03.000 | B8: Contrib. que inc. s/el Comercio y la Industria - EPEC | D8: 6200000
A9: 1.1.00.01.00.04.000 | B9: Adicional Tasa a la Propiedad 10% | D9: 28000000
A10: 1.1.00.01.00.05.000 | B10: Contrib. p/Serv. Relativo a la Constr. de Obras Priv. | D10: =SUM(C11:C11) -> 31000000
A11: 1.1.00.01.00.05.001 | B11: Obras Privadas | C11: 31000000
A12: 1.1.00.01.00.06.000 | B12: Contrib. por Inspección Eléctrica y Mecánica-OIM | D12: 31000000
A13: 1.1.00.01.00.07.000 | B13: Derechos de Oficina | D13: =SUM(C14:C16) -> 10050000
A14: 1.1.00.01.00.07.001 | B14: Recupero de Gastos por Gestión de Cobranza Judiciales | C14: 3000000
A15: 1.1.00.01.00.07.002 | B15: Otros Derechos de Oficina | C15: 5500000
A16: 1.1.00.01.00.07.003 | B16: Interes Plan de Pago Tarjeta de Credito | C16: 1550000
A17: 1.1.00.01.00.08.000 | B17: Tasas por Servicios de Registro Civil | D17: =SUM(C18:C18) -> 500000
A18: 1.1.00.01.00.08.001 | B18: Tasas Registro Civil fijas | C18: 500000
A19: 1.1.00.01.00.09.000 | B19: Otros Tributos | D19: 1000000
A20: 1.1.00.01.00.10.000 | B20: Interes Inversiones Financieras | D20: 40000000
A21: 1.1.00.01.00.11.000 | B21: Tributos correspondientes a ejercicios anteriores | D21: =SUM(C22:C25) -> 304100000
A22: 1.1.00.01.00.11.001 | B22: Comercio e Industria 2022 y anteriores | C22: 22000000
A23: 1.1.00.01.00.11.002 | B23: Tasa a la Propiedad 2022 y anteriores | C23: 175000000
A24: 1.1.00.01.00.11.003 | B24: Contrib s/Automotores Ejerc. Anteriores | C24: 106800000
A25: 1.1.00.01.00.11.004 | B25: Deudas varias anteriores | C25: 300000
A26: 1.1.00.01.00.12.000 | B26: Contrib. Municipal s/Automotores y Similares | D26: 214000000
A27: 1.1.00.01.00.12.000 | B27: Tasa de insp.sobre Estructuras portantes | D27: 380000
A28: 1.1.00.02.00.00.000 | B28: OTROS INGRESOS DE JURISIDICCION MUNICIPAL | E28: =SUM(D29:D51) -> 82830000
A29: 1.1.00.02.00.01.000 | B29: Rentas que produce el Patrimonio Municipal | D29: =SUM(C30:C33) -> 1130000
A30: 1.1.00.02.00.01.001 | B30: Diferencia de Cambio Moneda Extranjera | C30: 30000
A31: 1.1.00.02.00.01.002 | B31: Chipiado de poda | C31: 300000
A32: 1.1.00.02.00.01.003 | B32: Otros Ingresos | C32: 500000
A33: 1.1.00.02.00.01.004 | B33: Venta de Materiales reciclables GIRSU | C33: 300000
A34: 1.1.00.02.00.02.000 | B34: Ingreso Centro Salud Municipal | D34: =SUM(C35:C37) -> 30000000
A35: 1.1.00.02.00.02.001 | B35: Bonos Centros de Salud (Talar-Centro) | C35: 20000000
A36: 1.1.00.02.00.02.002 | B36: Red Sanitaria | C36: 2000000
A37: 1.1.00.02.00.02.003 | B37: Recupero Plan SUMAR | C37: 8000000
A38: MUNICIPALIDAD DE MENDIOLAZA P R I M E R A P A R T E - I N G R E S O S | E38: A Ñ O 2 0 2 3 | G38: Hoja Nº 2
A39: CODIGO | C39: SUBRUBROS | D39: RUBROS | E39: TOTAL ITEM | F39: INCISO | G39: TOTAL ANEXO
A40: 1.1.00.02.00.03.000 | B40: Oficina Administrativa de Faltas | D40: =SUM(C41:C44) -> 5000000
A41: 1.1.00.02.00.03.001 | B41: Multas sobre Comercio e Industria | C41: 500000
A42: 1.1.00.02.00.03.002 | B42: Multas de Obras Privadas | C42: 1000000
A43: 1.1.00.02.00.03.003 | B43: Multas de Transito | C43: 3000000
A44: 1.1.00.02.00.03.004 | B44: Otras multas | C44: 500000
A45: 1.1.00.02.00.04.000 | B45: CONTRIBUCION POR MEJORAS | D45: =SUM(C46:C47) -> 45000000
A46: 1.1.00.02.00.04.001 | B46: Cordon Cuneta | C46: 25000000
A47: 1.1.00.02.00.04.002 | B47: Obra Gas Natural | C47: 20000000
A48: 1.1.00.02.00.05.000 | B48: Subvenciones. Donaciones y Legados | D48: =SUM(C49:C50) -> 700000
A49: 1.1.00.02.00.05.001 | B49: Donaciones por publicidad | C49: 200000
A50: 1.1.00.02.00.05.002 | B50: Otras donaciones y legados | C50: 500000
A51: 1.1.00.02.00.06.000 | B51: Eventuales e Imprevistos | D51: 1000000
A52: 1.2.00.00.00.00.000 | B52: DE OTRAS JURISDICCIONES | F52: =SUM(E53:E66) -> 1314164489
A53: 1.2.00.01.00.00.000 | B53: PARTICIPACION EN IMPUESTO PCIALES. Y NACIONALES | E53: =SUM(D54:D63) -> 837350000
A54: 1.2.00.01.00.01.000 | B54: Coparticipación Impositiva Año Actual | D54: 670000000
A55: 1.2.00.01.00.02.000 | B55: Coparticipación Impositiva Ejercicios Anteriores | D55: 28000000
A56: 1.2.00.01.00.03.000 | B56: Ingreso FO.FIN.DES. Pcial. | D56: =+C57 -> 97200000
A57: 1.2.00.01.00.03.001 | B57: Convenio Salud | C57: 97200000
A58: 1.2.00.01.00.04.000 | B58: Fondo Descentralización Años Anteriores | D58: 4700000
A59: 1.2.00.01.00.05.000 | B59: Consenso Fiscal | D59: 5750000
A60: 1.2.00.01.00.06.000 | B60: Bono de la Nacion Argentina | D60: 1500000
A61: 1.2.00.01.00.07.000 | B61: Fondo mant. Escuela (FODEMEEP) | D61: 3200000
A62: 1.2.00.01.00.08.000 | B62: Ingresos FASAMU | D62: 25000000
A63: 1.2.00.01.00.09.000 | B63: FOMMEP | D63: 2000000
A64: 1.2.00.02.00.00.000 | B64: APORTES NO REINTEGRABLES | E64: =SUM(D65:D65) -> 5000000
A65: 1.2.00.02.00.01.000 | B65: Subvenciones y Subsidios Provinciales y Nacionales | D65: 5000000
A66: 1.2.00.03.00.00.000 | B66: OTROS INGRESOS DE OTRAS JURSIDICCIONES | E66: =SUM(D67:D72) -> 471814489
A67: 1.2.00.03.00.01.000 | B67: Obras Convenios- Gobierno de la Provincia | D67: =SUM(C68:C71) -> 55814489
A68: 1.2.00.03.00.01.001 | B68: Plan Aurora I.P.E.M. 317 | C68: 19550890
A69: 1.2.00.03.00.01.002 | B69: Plan Aurora -Sala Jardín de Infantes | C69: 8090500
A70: 1.2.00.03.00.01.003 | B70: Vivienda - Plan Semilla | C70: 10400000
A71: 1.2.00.03.00.01.004 | B71: Programa Urbanizaciones Barriales - El Perchel- | C71: 17773099
A72: 1.2.00.03.00.02.000 | B72: Obras Convenio Gob. de la Nacion "Argentina Hace" | D72: =SUM(C73:C83) -> 416000000
A73: 1.2.00.03.00.02.001 | B73: Obra C. Cuneta Barrio El Alto | C73: 27000000
A74: 1.2.00.03.00.02.002 | B74: Obra C. Cuneta Barrio Valle del Sol | C74: 48000000
A75: 1.2.00.03.00.02.003 | B75: Obra C. Cuneta Barrio Los Cigarrales | C75: 44000000
A76: 1.2.00.03.00.02.004 | B76: Obra: Proyecto GIRSU | C76: 14000000
A77: 1.2.00.03.00.02.005 | B77: Obra Ciclovia Ruta Intermunicipal | C77: 4500000
A78: MUNICIPALIDAD DE MENDIOLAZA P R I M E R A P A R T E - I N G R E S O S | E78: A Ñ O 2 0 2 3 | G78: Hoja Nº 3
A79: CODIGO | C79: SUBRUBROS | D79: RUBROS | E79: TOTAL ITEM | F79: INCISO | G79: TOTAL ANEXO
A80: 1.2.00.03.00.02.006 | B80: Obra: Amp. Edif Municipal | C80: 24000000
A81: 1.2.00.03.00.02.007 | B81: Obra: Bici Senda El Talar | C81: 6500000
A82: 1.2.00.03.00.02.008 | B82: Obra: Iluminacion Calle La Alameda y Los Tilos | C82: 28000000
A83: 1.2.00.03.00.02.009 | B83: Obra: Desague Barrio Centro | C83: 220000000
A84: 2.00.00.00.00.00.000 | B84: INGRESOS DE CAPITAL | G84: =SUM(F85:F95) -> 2.1087688e+08
A85: 2.1.00.00.00.00.000 | B85: USO DEL CREDITO | F85: =SUM(E86) -> 44746876
A86: 2.1.00.01.00.00.000 | B86: DE INSTITUCIONES BANCARIAS | E86: =SUM(D87:D90) -> 44746876
A87: 2.1.00.01.00.01.000 | B87: Bco. Bancor - Bco Macro | D87: 100000
A88: 2.1.00.01.00.02.000 | B88: Leasing | D88: 5000000
A89: 2.1.00.01.00.03.000 | B89: Crédito Obra Ejecución de Redes Domicilia. - Gas Natural- | D89: 30646876
A90: 2.1.00.01.00.04.000 | B90: Credito Fondo Permanente | D90: 9000000
A91: 2.2.00.00.00.00.000 | B91: VENTA DE BIENES PATRIMONIALES | F91: =SUM(E92) -> 16130000
A92: 2.2.00.01.00.00.000 | B92: BIENES MUEBLES | E92: =SUM(D93:D94) -> 16130000
A93: 2.2.00.01.00.01.000 | B93: Emision Registro de Conducir-Chapas Patentes Remis-Transp Escolar | D93: 16000000
A94: 2.2.00.01.00.02.000 | B94: Venta de Maquinarias. Equipos y Similares | D94: 130000
A95: 2.3.00.00.00.00.000 | B95: OTROS INGRESOS DE CAPITAL | F95: =E96 -> 150000000
A96: 2.3.00.01.00.00.000 | B96: EXCEDENTES LIQUIDOS EJERCICIOS ANTERIORES | E96: =+D97 -> 150000000
A97: 2.3.00.01.00.01.000 | B97: Saldo Ejercicio Anterior (Caja y Bancos) | D97: 150000000
B98: TOTAL ANEXOS 1 Y 2 | G98: =SUM(G3:G84) -> 2.6263014e+09
A99: 3.00.00.00.00.00.000 | B99: NO CLASIFICADOS | G99: =F100 -> 2.3159864e+08
A100: 3.1.00.00.00.00.000 | B100: CUENTAS DE ORDEN | F100: =SUM(E101:E104) -> 2.3159864e+08
...

Sheet Egresos
A1: MUNICIPALIDAD DE MENDIOLAZA S E G U N D A P A R T E - E G R E S O S | J1: A Ñ O 2 0 2 3 | L1: Hoja Nº 1
A2: CODIGO | B2: CONCEPTO | D2: MENSUAL | E2: ANUAL | F2: SUBPART. | G2: PARTIDA | H2: SUBITEM | I2: ITEM | J2: PART.PPAL. | K2: INCISO | L2: ANEXO
B3: A D M I N I S T R A C I O N M U N I C I P A L
A4: 1.0.00.00.00.00.000 | B4: EROGACIONES CORRIENTES | L4: =SUM(K5:K406) -> 1640660000
A5: 1.1.00.00.00.00.000 | B5: FUNCIONAMIENTO | K5: =SUM(J6:J294) -> 1431740000
A6: 1.1.01.00.00.00.000 | B6: PERSONAL | J6: =SUM(I8:I164) -> 1053000000
A7: 1.1.01.01.00.00.000 | B7: AUTORIDADES SUPERIORES Y
B8: PERSONAL PERMANENTE | I8: =SUM(H9:H148) -> 679617699
A9: 1.1.01.01.01.00.000 | B9: Sueldos Básicos | H9: =SUM(G10:G114) -> 205343899
A10: 1.1.01.01.01.01.000 | B10: Autoridades Superiores | G10: =SUM(F11:F32) -> 48392310
A11: 1.1.01.01.01.01.001 | B11: Intendente | C11: 1 | D11: 431781 | E11: =D11*12 -> 5181372 | F11: =E11*1 -> 5181372
A12: 1.1.01.01.01.01.002 | B12: Secretario de Gobierno | C12: 1 | D12: 302074 | E12: =D12*12 -> 3624888 | F12: =E12*1 -> 3624888
A13: 1.1.01.01.01.01.003 | B13: Secretario de Catastro y Obras Privadas | C13: 1 | D13: 302074 | E13: =D13*12 -> 3624888 | F13: =E13*1 -> 3624888
A14: 1.1.01.01.01.01.004 | B14: Secretario de Hacienda | C14: 1 | D14: 302074 | E14: =D14*12 -> 3624888 | F14: =E14*1 -> 3624888
A15: 1.1.01.01.01.01.005 | B15: Secretario de Mantenimiento y Servicios Publicos | C15: 1 | D15: 302074 | E15: =D15*12 -> 3624888 | F15: =E15*1 -> 3624888
A16: 1.1.01.01.01.01.006 | B16: Secretario de Gestion Publica | C16: 1 | D16: 302074 | E16: =D16*12 -> 3624888 | F16: =E16*1 -> 3624888
A17: 1.1.01.01.01.01.007 | B17: Secretario Seguridad Ciudadana | C17: 1 | D17: 302074 | E17: =D17*12 -> 3624888 | F17: =E17*1 -> 3624888
A18: 1.1.01.01.01.01.008 | B18: Secretaria de Planificacion y Vinculación Institucional | C18: 1 | D18: 302074 | E18: =D18*12 -> 3624888 | F18: =E18*1 -> 3624888
A19: 1.1.01.01.01.02.000 | B19: Personal de Gabinete
A20: 1.1.01.01.01.02.01 | B20: Direccion de Mantenimiento y Servicios | C20: 1 | D20: 145014 | E20: =D20*12 -> 1740168 | F20: =E20*1 -> 1740168
A21: 1.1.01.01.01.02.02 | B21: Direccion de Comercio e Industria | C21: 1 | D21: 145014 | E21: =D21*12 -> 1740168 | F21: =E21*1 -> 1740168
A22: 1.1.01.01.01.02.03 | B22: Direccion de Medio Ambiente | C22: 1 | D22: 145014 | E22: =D22*1 -> 145014 | F22: =E22*1 -> 145014
A23: 1.1.01.01.01.02.04 | B23: Direccion de Planificación Estratégica | C23: 1 | D23: 145014 | E23: =D23*12 -> 1740168 | F23: =E23*1 -> 1740168
A24: 1.1.01.01.01.02.05 | B24: Direccion de Vinculación Intitucional | C24: 1 | D24: 145014 | E24: =D24*12 -> 1740168 | F24: =E24*1 -> 1740168
A25: 1.1.01.01.01.02.06 | B25: Direccion de Cultura y Turismo | C25: 1 | D25: 145014 | E25: =D25*12 -> 1740168 | F25: =E25*1 -> 1740168
A26: 1.1.01.01.01.02.07 | B26: Direccion S.I.C.O.P.R.E.V. | C26: 1 | D26: 145014 | E26: =D26*12 -> 1740168 | F26: =E26*1 -> 1740168
A27: 1.1.01.01.01.02.08 | B27: Direccion Centro de Salud | C27: 1 | D27: 145014 | E27: =D27*12 -> 1740168 | F27: =E27*1 -> 1740168
A28: 1.1.01.01.01.02.09 | B28: Direccion Comunicación Insitucional | C28: 1 | D28: 145014 | E28: =D28*12 -> 1740168 | F28: =E28*1 -> 1740168
A29: 1.1.01.01.01.02.010 | B29: Direccion de Deportes y Recreacion | C29: 1 | D29: 145014 | E29: =D29*1 -> 145014 | F29: =E29*1 -> 145014
A30: 1.1.01.01.01.02.011 | B30: Dirección de Capital Humano | C30: 1 | D30: 145014 | E30: =D30*1 -> 145014 | F30: =E30*1 -> 145014
A31: 1.1.01.01.01.02.012 | B31: Coordinadora de Comisiones Vecinales | C31: 1 | D31: 145014 | E31: =D31*12 -> 1740168 | F31: =E31*1 -> 1740168
A32: 1.1.01.01.01.02.013 | B32: Coordinador Compras y Servicios Publicos | C32: 1 | D32: 145014 | E32: =D32*12 -> 1740168 | F32: =E32*1 -> 1740168
B33: ADMINISTRATIVO
A34: 1.1.01.01.01.03.000 | B34: Personal Jerarquico | G34: =SUM(F35:F60) -> 13845937
A35: 1.1.01.01.01.03.001 | B35: Jefe de Departamento Coordinación (24) | C35: 1 | D35: 96616 | E35: =D35 -> 96616 | F35: =E35 -> 96616
A36: 1.1.01.01.01.03.002 | B36: Jefe de Departamento Obras Privadas (24) | C36: 1 | D36: 96616 | E36: =D36 -> 96616 | F36: =E36 -> 96616
A37: 1.1.01.01.01.03.003 | B37: Jefe de Departamento Administrativo Centro de Salud (24) | C37: 1 | D37: 96616 | E37: =+D37*12 -> 1159392 | F37: =+E37 -> 1159392
A38: 1.1.01.01.01.03.004 | B38: Jefe de Departamento Rentas Municipal (24) | C38: 1 | D38: 96616 | E38: =+D38 -> 96616 | F38: =+E38 -> 96616
A39: 1.1.01.01.01.03.005 | B39: Jefe de Departamento Seguridad Ciudadana (24) | C39: 1 | D39: 96616 | E39: =+D39 -> 96616 | F39: =+E39 -> 96616
A40: 1.1.01.01.01.03.006 | B40: Jefe de Departamento Tesorería y Contaduría (24) | C40: 1 | D40: 96616 | E40: =+D40 -> 96616 | F40: =+E40 -> 96616
A41: 1.1.01.01.01.03.007 | B41: Jefe de Departamento Personal (24) | C41: 1 | D41: 96616 | E41: =+D41*12 -> 1159392 | F41: =+E41 -> 1159392
A42: 1.1.01.01.01.03.008 | B42: Jefe de Division Rentas (22) | C42: 1 | D42: 94678 | E42: =+D42*12 -> 1136136 | F42: =+E42 -> 1136136
A43: 1.1.01.01.01.03.009 | B43: Jefe de Sección (21) | C43: 1 | D43: 93891 | E43: =+D43*12 -> 1126692 | F43: =+E43 -> 1126692
A44: 1.1.01.01.01.03.010 | B44: Capataz General (23) | C44: 1 | D44: 95706 | E44: =+D44*12 -> 1148472 | F44: =+E44 -> 1148472
A45: 1.1.01.01.01.03.011 | B45: Administrativo Superior (Cat.20) | C45: 1 | D45: 93680 | E45: =+D45*12 -> 1124160 | F45: =+E45 -> 1124160
A46: 1.1.01.01.01.03.012 | B46: Jefe de Seccion Registro Civil (19) | C46: 1 | D46: 93539 | E46: 54422 | F46: 54422
A47: 1.1.01.01.01.03.013 | B47: Jefe de Seccion Tesoreria (19) | C47: 1 | D47: 93539 | E47: =D47*12 -> 1122468 | F47: =E47 -> 1122468
A48: 1.1.01.01.01.03.014 | B48: Jefe de Seccion Contaduria (19) | C48: 1 | D48: 93539 | E48: =D48 -> 93539 | F48: =E48 -> 93539
A49: 1.1.01.01.01.03.015 | B49: Jefe de Seccion Administración Personal (19) | C49: 1 | D49: 93539 | E49: =D49*12 -> 1122468 | F49: =+E49 -> 1122468
A50: 1.1.01.01.01.03.016 | B50: Jefe de Sección Administrativo Especilizado O.M.C.E.C. | C50: 1 | D50: 93539 | E50: =D50*12 -> 1122468 | F50: =+E50 -> 1122468
A51: 1.1.01.01.01.03.017 | B51: Jefe de Sección Acción Social (19) | C51: 1 | D51: 93539 | E51: =D51*12 -> 1122468 | F51: =+E51 -> 1122468
A52: 1.1.01.01.01.03.018 | B52: Jefe de Sección Cobranza (19) | C52: 1 | D52: 93539 | E52: =D52 -> 93539 | F52: =E52 -> 93539
A53: 1.1.01.01.01.03.019 | B53: Jefe de Sección Comercio e Industria (19) | C53: 1 | D53: 93539 | E53: =D53 -> 93539 | F53: =E53 -> 93539
A54: 1.1.01.01.01.03.020 | B54: Jefe de Sección Fiscalización (19) | C54: 1 | D54: 93539 | E54: =D54 -> 93539 | F54: =E54 -> 93539
A55: 1.1.01.01.01.03.021 | B55: Jefe de Sección Seguridad Ciudadana (19) | C55: 1 | D55: 93539 | E55: =D55 -> 93539 | F55: =E55 -> 93539
A56: 1.1.01.01.01.03.022 | B56: Jefe de Sección Oficialia (19) | C56: 1 | D56: 93539 | E56: =D56 -> 93539 | F56: =E56 -> 93539
A57: 1.1.01.01.01.03.023 | B57: Jefe de Seccion Sanidad Animal (19) | C57: 1 | D57: 93539 | E57: =D57 -> 93539 | F57: =+E57 -> 93539
A58: 1.1.01.01.01.03.024 | B58: Jefe de Sección Técnico Electrictricista (19) | C58: 1 | D58: 93539 | E58: =D58*12 -> 1122468 | F58: =+E58 -> 1122468
A59: 1.1.01.01.01.03.025 | B59: Jefe de Sección Técnico Mecánico (19) | C59: 1 | D59: 93539 | E59: =+D59 -> 93539 | F59: =+E59 -> 93539
A60: 1.1.01.01.01.03.026 | B60: Jefe de Seccion Maestranza y Serv. Grales (19) | C60: 1 | D60: 93539 | E60: =+D60 -> 93539 | F60: =+E60 -> 93539
A61: 1.1.01.01.01.04.000 | B61: Personal Auxiliar Administrativo | G61: =SUM(F62:F69) -> 19570003
A62: 1.1.01.01.01.04.001 | B62: Auxiliar Administrativo (cat.18) | C62: 1 | D62: 93157 | E62: =D62*12 -> 1117884 | F62: =E62*C62 -> 1117884
A63: 1.1.01.01.01.04.002 | B63: Auxiliar Administrativo ( cat 17) | C63: 3 | D63: 92277 | E63: =D63*12 -> 1107324 | F63: =E63*C63 -> 3321972
A64: MUNICIPALIDAD DE MENDIOLAZA S E G U N D A P A R T E - E G R E S O S | J64: A Ñ O 2 0 23 | L64: Hoja Nº 2
A65: CODIGO | B65: CONCEPTO | D65: MENSUAL | E65: ANUAL | F65: SUBPART. | G65: PARTIDA | H65: SUBITEM | I65: ITEM | J65: PART.PPAL. | K65: INCISO | L65: ANEXO
A66: 1.1.01.01.01.04.003 | B66: Auxiliar Administrativo (cat. 16) | C66: 4 | D66: 91431 | E66: =D66*12 -> 1097172 | F66: =E66*C66 -> 4388688
A67: 1.1.01.01.01.04.004 | B67: Auxiliar Administrativo (cat. 15) | C67: 5 | D67: 89693 | E67: =D67*12 -> 1076316 | F67: =E67*C67 -> 5381580
A68: 1.1.01.01.01.04.005 | B68: Auxiliar Administrativo (cat. 14) | C68: 5 | D68: 87879 | E68: =D68*12 -> 1054548 | F68: =E68*C68 -> 5272740
A69: 1.1.01.01.01.04.006 | B69: Auxiliar Administrativo (cat. 13) | C69: 1 | D69: 87139 | E69: =D69 -> 87139 | F69: =E69 -> 87139
A70: 1.1.01.01.01.05.000 | B70: Personal Administrativo de Ejecucion | G70: =SUM(F71:F76) -> 33218492
A71: 1.1.01.01.01.05.001 | B71: Administrativo de Ejecucion (cat.12) | C71: 1 | D71: 85325 | E71: =D71 -> 85325 | F71: =E71*C71 -> 85325
A72: 1.1.01.01.01.05.002 | B72: Administrativo de Ejecucion (cat.11) | C72: 4 | D72: 84391 | E72: =D72*12 -> 1012692 | F72: =E72*C72 -> 4050768
A73: 1.1.01.01.01.05.003 | B73: Administrativo de Ejecucion (cat.10) | C73: 5 | D73: 82741 | E73: =D73*10 -> 827410 | F73: =E73*C73 -> 4137050
A74: 1.1.01.01.01.05.004 | B74: Administrativo de Ejecucion (cat.9) | C74: 1 | D74: 80017 | E74: =D74 -> 80017 | F74: =E74*C74 -> 80017
A75: 1.1.01.01.01.05.005 | B75: Administrativo de Ejecucion (cat. 8) | C75: 4 | D75: 78285 | E75: =D75*12 -> 939420 | F75: =E75*C75 -> 3757680
A76: 1.1.01.01.01.05.006 | B76: Administrativo de Ejecucion (cat.7) | C76: 23 | D76: 76477 | E76: =D76*12 -> 917724 | F76: =E76*C76 -> 21107652
A77: 1.1.01.01.01.06.000 | B77: Personal Docente | G77: =SUM(F78:F78) -> 1076316
A78: 1.1.01.01.01.06.001 | B78: Docente (Cat. 15) | C78: 1 | D78: 89693 | E78: =D78*12 -> 1076316 | F78: =E78*C78 -> 1076316
A79: 1.1.01.01.01.07.000 | B79: Personal Tecnico Superior | G79: =SUM(F80) -> 93157
A80: 1.1.01.01.01.07.001 | B80: Tecnico (Cat.18) | C80: 1 | D80: 93157 | E80: =D80*1 -> 93157 | F80: =E80*C80 -> 93157
A81: 1.1.01.01.01.08.000 | B81: Personal Tecnico Ejecucion | G81: =SUM(F82:F84) -> 3068329
A82: 1.1.01.01.01.08.001 | B82: Tecnico Ejecucion (cat.11) | C82: 2 | D82: 84391 | E82: =D82*12 -> 1012692 | F82: =E82*C82 -> 2025384
A83: 1.1.01.01.01.08.002 | B83: Tecnico Ejecucion (cat.10) | C83: 1 | D83: 82741 | E83: =D83 -> 82741 | F83: =E83*C83 -> 82741
A84: 1.1.01.01.01.08.003 | B84: Tecnico Ejecucion (cat.09) | C84: 1 | D84: 80017 | E84: =D84*12 -> 960204 | F84: =E84*C84 -> 960204
B85: MAESTRANZA Y SERVICIOS GENERALES
A86: 1.1.01.01.01.009.000 | B86: Personal Auxiliar de Maestranza y Serv. Grales. | G86: =SUM(F87:F90) -> 30267720
A87: 1.1.01.01.01.009.001 | B87: Maestr. y Serv. Generales (17) | C87: 11 | D87: 92277 | E87: =D87*12 -> 1107324 | F87: =E87*C87 -> 12180564
A88: 1.1.01.01.01.009.002 | B88: Maestr. y Serv. Generales (16) | C88: 5 | D88: 91431 | E88: =D88*12 -> 1097172 | F88: =E88*C88 -> 5485860
A89: 1.1.01.01.01.009.003 | B89: Maestr. y Serv. Generales (14) | C89: 6 | D89: 87879 | E89: =D89*12 -> 1054548 | F89: =E89*C89 -> 6327288
A90: 1.1.01.01.01.009.004 | B90: Maestr. y Serv. Generales (13) | C90: 6 | D90: 87139 | E90: =D90*12 -> 1045668 | F90: =E90*C90 -> 6274008
A91: 1.1.01.01.01.10.000 | B91: Personal de Ejecucion Maest y Serv Grales | G91: =SUM(F92:F97) -> 40063597
A92: 1.1.01.01.01.10.001 | B92: Maestr. y Serv. Generales (12) | C92: 6 | D92: 85325 | E92: =D92*12 -> 1023900 | F92: =E92*C92 -> 6143400
A93: 1.1.01.01.01.10.002 | B93: Maest y Serv. Generales (11) | C93: 1 | D93: 84391 | E93: =D93*1 -> 84391 | F93: =E93*C93 -> 84391
A94: 1.1.01.01.01.10.003 | B94: Maest y Serv. Generales (10) | C94: 5 | D94: 82741 | E94: =D94*6 -> 496446 | F94: =E94*C94 -> 2482230
A95: 1.1.01.01.01.10.004 | B95: Maestr. y Serv. Generales (9) | C95: 1 | D95: 80017 | E95: =D95*12 -> 960204 | F95: =E95*C95 -> 960204
A96: 1.1.01.01.01.10.005 | B96: Maestr. y Serv. Generales Ejecucion (8) | C96: 5 | D96: 78285 | E96: =D96*12 -> 939420 | F96: =E96*C96 -> 4697100
A97: 1.1.01.01.01.10.006 | B97: Maestr. y Serv. Generales Ejecucion (7) | C97: 28 | D97: 76477 | E97: =D97*12 -> 917724 | F97: =E97*C97 -> 25696272
A98: 1.1.01.01.01.11.000 | B98: Inspectores Auxiliares | G98: =SUM(F99:F102) -> 2301294
A99: 1.1.01.01.01.11.001 | B99: Inspector Auxiliar (cat.16) | C99: 1 | D99: 91431 | E99: =D99*1 -> 91431 | F99: =E99*C99 -> 91431
A100: 1.1.01.01.01.11.002 | B100: Inspector Auxiliar (cat.15) | C100: 1 | D100: 89693 | E100: =+D100*12 -> 1076316 | F100: =E100*C100 -> 1076316
...

Sheet Sinteticos
A2: MUNICIPALIDAD DE MENDIOLAZA PRESUPUESTO CALCULO DE RECURSOS SINTETICOS AÑO 2023
A5: ANEXO | B5: INCISO | C5: ITEM | D5: IMPORTE
B6: 1-INGRESOS DE JURISDICCION | C6: 1. Ingresos Tributarios
B7: MUNICIPAL | C7: (Tasas y Contribuciones) | D7: =+Ingresos!E5 -> 1018430000
B8: =D7+D9 -> 1101260000 | C8: 2. Otros Ingresos de Jurisd.
A9: 1-INGRESOS CORRIENTES | C9: Municipal | D9: =+Ingresos!E28 -> 82830000
A10: =B8+B12 -> 2415424489
B11: 2-DE OTRAS JURISDICCIONES | C11: 1. Participación Impuestos
B12: =D12+D13+D14 -> 1314164489 | C12: Pciales. y Nacionales | D12: =+Ingresos!E53 -> 837350000
C13: 2. Aportes No Reintegrables | D13: =+Ingresos!E64 -> 5000000
C14: 3. Ingresos de Otras Jurisd. | D14: =+Ingresos!E66 -> 471814489
B17: 1-USO DEL CREDITO | C17: 1. De Instituciones Bancarias | D17: =+Ingresos!E86 -> 44746876
B18: =+Ingresos!F85 -> 44746876
A19: 2-INGRESOS DE CAPITAL
A20: =B18+B20+B23+B26 -> 2.1087688e+08
B22: 2-VTA. DE BIENES PATRIMONIALES
B23: =D22+D23 -> 16130000 | C23: 2. Bienes Muebles | D23: =+Ingresos!E92 -> 16130000
B25: 4-OTROS INGRESOS DE CAPITAL
B26: =D25+D26 -> 150000000 | C26: 1. Exced. Liq. Ejerc. Ant. | D26: =+Ingresos!F95 -> 150000000
C28: TOTAL ANEXO I Y II | D28: =SUM(D6:D26) -> 2.6263014e+09
A30: 3-NO CLASIFICADOS | B30: 1-CUENTAS DE ORDEN | C30: 1. Por Trabajos Públicos | D30: =+Ingresos!E101 -> 400000
A31: =B31 -> 2.3159864e+08 | B31: =D33 -> 2.3159864e+08 | C31: 2. Otras Causas | D31: =+Ingresos!E104 -> 2.3119864e+08
C33: TOTAL ANEXO III | D33: =D30+D31 -> 2.3159864e+08
C34: TOTAL GENERAL | D34: =D28+D33 -> 2857900000
A36: MUNICIPALIDAD DE MENDIOLAZA | B36: PRESUPUESTO DE GASTOS SINTETICOS AÑO 2023
B38: A D M I N I S T R A C I O N M U N I C I P A L
A39: ANEXO | B39: ADICIONALES Y SUPLEMENTOS VARIOS | C39: PARTIDA PRINCIPAL | D39: IMPORTE
B40: 1-FUNCIONAMIENTO | C40: 1. Personal | D40: =+Egresos!J6 -> 1053000000
B41: =SUM(D40:D42) -> 1431740000 | C41: 2. Bienes de Consumo | D41: =+Egresos!J165 -> 146270000
C42: 3. Servicios | D42: =+Egresos!J294 -> 232470000
A44: 1-EROGACIONES CORRIENTES | B44: 2-INTERESES Y GASTOS
B45: DE LA DEUDA | C45: 4. Intereses y gastos de la Deuda | D45: =+Egresos!J400 -> 9900000
B46: =D45 -> 9900000
A47: =B41+B46+B49 -> 1640660000
B48: 3-TRANSFERENCIAS | C48: 5. Transf. p/Financiar Erogaciones
B49: =D49+D51 -> 199020000 | C49: Corrientes | D49: =+Egresos!J407 -> 199020000
C50: 6. Transf. p/Financiar Erogaciones
C51: de Capital
B53: 1-INVERSION FISICA | C53: 7. Bienes de Capital | D53: =+Egresos!J466 -> 58000000
B54: =D53+D54 -> 8.7279886e+08 | C54: 8. Trabajos Públicos | D54: =+Egresos!I486 -> 8.1479886e+08
A56: 2-EROGACIONES DE CAPITAL | B56: 2-INVERSION FINANCIERA | C56: 9. Valores Financieros | D56: -
A57: =B54+B57+B60 -> 8.8714886e+08 | B57: =D56 -> -
B59: 3-AMORTIZACION DE LA DEUDA | C59: 10. Amortización de la Deuda | D59: =+Egresos!J531 -> 14350000
B60: =D59 -> 14350000
B61: S A L U D M U N I C I P A L
A62: ANEXO | B62: ADICIONALES Y SUPLEMENTOS VARIOS | C62: PARTIDA PRINCIPAL | D62: IMPORTE
B63: FUNCIONAMIENTO
A64: 2-EROGACIONES CORRIENTES | B64: =D63+D64+D65 -> 56350000 | C64: 2. Bienes de Consumo | D64: =+Egresos!J547 -> 19450000
A65: =+B64+B67 -> 64850000 | C65: 3. Servicios | D65: =+Egresos!J566 -> 36900000
B66: 3-TRANSFERENCIAS
B67: =+D67 -> 8500000 | C67: 5. Transf. p/Financiar Erogaciones | D67: =+Egresos!J587 -> 8500000
A70: 4-EROGACIONES DE CAPITAL | B70: 1-INVERSION FISICA
A71: =+B71 -> 3400000 | B71: =+Egresos!J593 -> 3400000 | C71: 7. Bienes de Capital | D71: =+Egresos!J593 -> 3400000
A73: 5-NO CLASIFICADOS | B73: 1-CUENTAS DE ORDEN | C73: 1. Por Trabajos Públicos | D73: =+Egresos!I602 -> 400000
A74: =B74 -> 2.3159864e+08 | B74: =D73+D74 -> 2.3159864e+08 | C74: 2. Otras Causas | D74: =+Egresos!I605 -> 2.3119864e+08
C76: TOTAL ANEXO 1, 2, 3, 4 | D76: =+Egresos!L541+Egresos!L598+Egresos!L616 -> 2827657500
A78: MUNICIPALIDAD DE MENDIOLAZA | B78: PRESUPUESTO DE GASTOS SINTETICOS AÑO 2023
B80: C O N C E J O D E L I B E R A N T E
A81: ANEXO | B81: ADICIONALES Y SUPLEMENTOS VARIOS | C81: PARTIDA PRINCIPAL | D81: IMPORTE
B82: 1-FUNCIONAMIENTO | C82: 1. Personal | D82: =+Egresos!J620 -> 13110000
B83: =SUM(D82:D84) -> 21010000 | C83: 2. Bienes de Consumo | D83: =+Egresos!J632 -> 600000
C84: 3. Servicios | D84: =+Egresos!J634 -> 7300000
A86: 6-EROGACIONES CORRIENTES
A89: =B83 -> 21010000
B95: 1-INVERSION FISICA | C95: 7. Bienes de Capital | D95: =+Egresos!J644 -> 500000
B96: =D95+D96 -> 500000
A98: 7-EROGACIONES DE CAPITAL
A99: =+B96 -> 500000
C101: TOTAL ANEXO 5 y 6 | D101: =+Egresos!L646 -> 21510000
A103: MUNICIPALIDAD DE MENDIOLAZA | B103: PRESUPUESTO DE GASTOS SINTETICOS AÑO 2023
B105: T R I B U N A L D E C U E N T A S
A106: ANEXO | B106: ADICIONALES Y SUPLEMENTOS VARIOS | C106: PARTIDA PRINCIPAL | D106: IMPORTE
B107: 1-FUNCIONAMIENTO | C107: 1. Personal | D107: =+Egresos!J650 -> 6332500
B108: =SUM(D107:D109) -> 8332500 | C108: 2. Bienes de Consumo | D108: =+Egresos!J659 -> 500000
C109: 3. Servicios | D109: =+Egresos!J661 -> 1500000
A111: 6-EROGACIONES CORRIENTES
A114: =B108 -> 8332500
B120: 1-INVERSION FISICA | C120: 7. Bienes de Capital | D120: =+Egresos!J669 -> 400000
B121: =D120+D121 -> 400000
A123: 7-EROGACIONES DE CAPITAL
A124: =+B121 -> 400000
C126: TOTAL ANEXO 7 Y 8 | D126: =+Egresos!L671 -> 8732500
C127: TOTAL GENERAL ANEXO 1-2-3-4, 5-6, 7-8 | D127: =+D76+D101+D126 -> 2857900000

Sheet Porcentuales
B2: MUNICIPALIDAD DE MENDIOLAZA
B3: CUADROS COMPLEMENTARIOS Y DE ESTUDIO DE PRESUPUESTOS Y CALCULO DE RECURSOS AÑO 2023
B6: GASTOS TOTALES | C6: EROGACIONES CORRIENTES | D6: % | F6: EROGACIONES DE CAPITAL | G6: % | H6: NO CLASIFICADOS | I6: %
B7: =+H7+F7+C7 -> 2857900000 | C7: =+Sinteticos!A47+Sinteticos!A65+Sinteticos!A89+Sinteticos!A114 -> 1734852500 | D7: =C7*100/B7 -> 60.703751 | F7: =+Sinteticos!A57+Sinteticos!A71+Sinteticos!A99+Sinteticos!A124 -> 8.9144886e+08 | G7: =F7*100/B7 -> 31.192444 | H7: =+Sinteticos!A74 -> 2.3159864e+08 | I7: =H7*100/B7 -> 8.1038047
B8: RECURSOS TOTALES | C8: RECURSOS CORRIENTES | D8: % | F8: INGRESOS DE CAPITAL | G8: % | H8: NO CLASIFICADOS | I8: %
B9: =+Sinteticos!D34 -> 2857900000 | C9: =+Sinteticos!A10 -> 2415424489 | D9: =C9*100/B9 -> 84.51746 | F9: =+Sinteticos!A20 -> 2.1087688e+08 | G9: =F9*100/B9 -> 7.3787353 | H9: =+Sinteticos!A31 -> 2.3159864e+08 | I9: =H9*100/B9 -> 8.1038047
B12: ANALISIS DE PARTIDAS PRINCIPALES | F12: ANALISIS DE ITEMS
B14: PARTIDAS PRINCIPALES | C14: IMPORTES | D14: % | F14: ITEMS | H14: IMPORTE | I14: %
B15: PERSONAL | C15: =+Sinteticos!D40 -> 1053000000 | D15: =C15*100/B9 -> 36.845236 | F15: I-1-I INGRESOS TRIBUTARIOS | H15: =+Sinteticos!D7 -> 1018430000 | I15: =H15*100/B9 -> 35.635607
B16: BS. DE CONSUMO | C16: =+Sinteticos!D41 -> 146270000 | D16: =C16*100/B9 -> 5.1180937 | F16: I-1-II OTROS INGR. JURISD. MUNICIP. | H16: =+Sinteticos!D9 -> 82830000 | I16: =H16*100/B9 -> 2.898282
B17: SERVICIOS | C17: =+Sinteticos!D42 -> 232470000 | D17: =C17*100/B9 -> 8.1342944 | F17: I-2-I PART.IMPUESTOS PCIALES. Y NAC. | H17: =+Sinteticos!D12 -> 837350000 | I17: =H17*100/B9 -> 29.299486
B18: INTERESES Y GTOS. DE LA DEUDA | C18: =+Sinteticos!D45 -> 9900000 | D18: =C18*100/B9 -> 0.3464082 | F18: I-2-II APORTES NO REITEGRABLES | H18: =+Sinteticos!D13 -> 5000000 | I18: =H18*100/B9 -> 0.17495364
B19: TRANSF. P/FIN. EROG. CORRIENTES | C19: =+Sinteticos!D49 -> 199020000 | D19: =C19*100/B9 -> 6.9638546 | F19: I-2-III INGR. DE OTRAS JURISDICCIONES | H19: =+Sinteticos!D14 -> 471814489 | I19: =H19*100/B9 -> 16.509132
B20: TRANSF. P/FIN. EROG. CAPITAL | C20: -- | F20: II-1-I DE INSTITUCIONES BANCARIAS | H20: =+Sinteticos!D16 | I20: =H20*100/B9 -> 0
B21: BIENES DE CAPITAL | C21: =+Sinteticos!D53 -> 58000000 | D21: =C21*100/B9 -> 2.0294622 | F21: II-1-II DE OTRAS INSTITUCIONES | H21: =+Sinteticos!D17 -> 44746876 | I21: =H21*100/B9 -> 1.5657257
B22: TRABAJOS PUBLICOS | C22: =+Sinteticos!D54 -> 8.1479886e+08 | D22: =C22*100/B9 -> 28.510405 | F22: II-2-II DE OTROS PRESTAMOS | H22: --- | I22: ---
B23: VALORES FINANCIEROS | C23: -- | F23: II-3-I BIENES INMUEBLES | H23: =+Sinteticos!D22 | I23: =H23*100/B9 -> 0
B24: AMORTIZACION DE LA DEUDA | C24: =+Sinteticos!B60 -> 14350000 | D24: =C24*100/B9 -> 0.50211694 | F24: II-3-II BIENES MUEBLES | H24: =+Sinteticos!D23 -> 16130000 | I24: =H24*100/B9 -> 0.56440043
B25: SALUD | C25: =+Sinteticos!A65+Sinteticos!A71 -> 68250000 | D25: =C25*100/B9 -> 2.3881171 | F25: II-4-II EXCED. LIQ. EJERCICIOS ANT. | H25: =+Sinteticos!D26 -> 150000000 | I25: =H25*100/B9 -> 5.2486091
B26: NO CLASIFICADOS | C26: =+Sinteticos!A74 -> 2.3159864e+08 | D26: =C26*100/B9 -> 8.1038047 | F26: III NO CLASIFICADOS | H26: =+Sinteticos!D33 -> 2.3159864e+08 | I26: =H26*100/B9 -> 8.1038047
B27: CONCEJO DELIBERANTE | C27: =+Sinteticos!D101 -> 21510000 | D27: =C27*100/B9 -> 0.75265055
B28: TRIBUNAL DE CUENTAS | C28: =+Sinteticos!D126 -> 8732500 | D28: =C28*100/B9 -> 0.30555653
B29: TOTAL | C29: =SUM(C15:C28) -> 2857900000 | D29: =SUM(D15:D28) -> 100 | F29: TOTAL | H29: =SUM(H15:H26) -> 2857900000 | I29: =SUM(I15:I26) -> 100
C63: 1. Personal
C64: 2. Bienes de Consumo
B76: PRESUPUESTO DE GASTOS SINTETICOS AÑO 2020
C80: 1. Personal
C82: 3. Servicios
B101: PRESUPUESTO DE GASTOS SINTETICOS AÑO 2020

Sheet Datos de Graficos
A1: PERSONAL | B1: =+Sinteticos!D40 -> 1053000000
A2: BIENES DE CONSUMO | B2: =+Sinteticos!D41 -> 146270000
A3: SERVICIOS | B3: =+Sinteticos!D42 -> 232470000
A4: INTERESES Y GTOS. DE LA DEUDA | B4: =+Sinteticos!D45 -> 9900000
A5: TRANSF. P/FIN. EROG. CORRIENTES | B5: =+Porcentuales!C19 -> 199020000
A6: BIENES DE CAPITAL | B6: =+Porcentuales!C21 -> 58000000
A7: TRABAJOS PUBLICOS | B7: =+Porcentuales!C22 -> 8.1479886e+08
A8: AMORTIZACION DE LA DEUDA | B8: =+Porcentuales!C24 -> 14350000
A9: NO CLASIFICADOS | B9: =+Sinteticos!A74 -> 2.3159864e+08
A10: CONCEJO DELIBERANTE | B10: =+Porcentuales!C27 -> 21510000
A11: TRIBUNAL DE CUENTAS | B11: =+Porcentuales!C28 -> 8732500
A12: SALUD | B12: =+Porcentuales!C25 -> 68250000
B14: =SUM(B1:B12) -> 2857900000
A17: INGRESOS TRIBUTARIOS | B17: =+Porcentuales!H15 -> 1018430000
A18: OTROS INGR. JURISD. MUNICIP. | B18: =+Porcentuales!H16 -> 82830000
A19: PART.IMPUESTOS PCIALES. Y NAC. | B19: =+Porcentuales!H17 -> 837350000
A20: APORTES NO REITEGRABLES | B20: =+Porcentuales!H18 -> 5000000
A21: INGR. DE OTRAS JURISDICCIONES | B21: =+Porcentuales!H19 -> 471814489
A22: DE OTRAS INSTITUCIONES | B22: =+Porcentuales!H21 -> 44746876
A23: BIENES MUEBLES | B23: =+Porcentuales!H24 -> 16130000
A24: EXCED. LIQ. EJERCICIOS ANT. | B24: =+Porcentuales!H25 -> 150000000
A25: NO CLASIFICADOS | B25: =+Porcentuales!H26 -> 2.3159864e+08
B27: =SUM(B17:B25) -> 2857900000
